 Dungeon Crawl Stone Soup version 0.27.1 (webtiles) character file.

Game seed: 1219162887039196172

1398 Renzlar the Shield-Bearer (level 8, 0/61 (67) HPs)
             Began as a Gnoll Fighter on Sept 2, 2021.
             Was a Follower of Okawaru.
             Slain by a wight (2 damage)
             ... on level 6 of the Dungeon on Sept 3, 2021.
             The game lasted 00:15:14 (5488 turns).

Renzlar the Shield-Bearer (Gnoll Fighter)           Turns: 5488, Time: 00:15:14

HP:   0/61 (67)     AC:  9    Str: 17    XL:     8   Next: 69%
MP:   13/13         EV:  9    Int:  7    God:    Okawaru [*.....]
Gold: 248           SH: 11    Dex: 13    Spells: 14/14 levels left

rFire    . . .     SeeInvis .   a - +1 war axe
rCold    . . .     Faith    .   r - +1 kite shield
rNeg     . . .     Spirit   .   b - +0 scale mail
rPois    .         Reflect  .   j - +0 helmet
rElec    .         Harm     .   (no cloak)
rCorr    .         Rampage  .   (no gloves)
Will     .....                  (no boots)
Stlth    +.........             (no amulet)
HPRegen  0.20/turn              (no ring)
MPRegen  0.13/turn              (no ring)

@: drained
A: fangs 1, strong nose, distributed training
a: Renounce Religion, Heroism


You were on level 6 of the Dungeon.
You worshipped Okawaru.
Okawaru was aware of your devotion.
You visited 2 branches of the dungeon, and saw 7 of its levels.

You collected 248 gold pieces.

Inventory:

Hand Weapons
 a - a +1 war axe (weapon)
 c - a +0 hunting sling
 d - a +2 spear of venom
 e - a +1 dagger of electrocution
Missiles
 g - 50 stones (quivered)
 o - 41 bolts
 q - 17 sling bullets
Armour
 b - a +0 scale mail (worn)
 j - a +0 helmet (worn)
 r - a +1 kite shield (worn)
Jewellery
 u - a ring of protection from cold
Wands
 s - a wand of iceblast (7)
Scrolls
 h - 2 scrolls of magic mapping
 n - 2 scrolls of enchant weapon
Potions
 f - a potion of degeneration {unknown}
 i - a potion of lignification {unknown}
 k - 2 potions of heal wounds
 l - a potion of ambrosia {unknown}
 m - a potion of might
 p - 3 potions of cancellation {unknown}
 t - a potion of curing {unknown}


   Skills:
 + Level 7.5 Fighting
 + Level 3.5 Short Blades
 + Level 3.5 Long Blades
 + Level 5.8 Axes
 + Level 3.5 Maces & Flails
 + Level 3.5 Polearms
 + Level 3.5 Staves
 + Level 3.5 Slings
 + Level 3.5 Bows
 + Level 3.5 Crossbows
 + Level 3.5 Throwing
 + Level 7.5 Armour
 + Level 3.5 Dodging
 + Level 3.5 Stealth
 + Level 7.5 Shields
 + Level 3.5 Unarmed Combat
 + Level 3.5 Spellcasting
 + Level 2.8 Conjurations
 + Level 2.8 Hexes
 + Level 2.8 Summonings
 + Level 2.8 Necromancy
 + Level 2.8 Translocations
 + Level 2.8 Transmutations
 + Level 2.8 Fire Magic
 + Level 2.8 Ice Magic
 + Level 2.8 Air Magic
 + Level 2.8 Earth Magic
 + Level 2.8 Poison Magic
 + Level 3.8 Invocations
 + Level 3.5 Evocations


You had 14 spell levels left.
You didn't know any spells.
Your spell library contained the following spells:

 Spells                   Type           Power      Damage    Failure   Level
 Corona                   Hex            5%         N/A       61%         1
 Ensorcelled Hibernation  Hex/Ice        10%        N/A       75%         2
 Tukima's Dance           Hex            5%         N/A       93%         3
 Iskenderun's Battlesphe  Conj           5%         2d6       100%        5
 Iron Shot                Conj/Erth      2%         9d2       100%        6
 Spellforged Servitor     Conj/Summ      2%         N/A       100%        7


Dungeon Overview and Level Annotations

Branches:
Dungeon (6/15)             Temple (1/1) D:5

Altars:
Ashenzari
Cheibriados
Elyvilon
Gozag
Hepliaklqana
Kikubaaqudgha
Makhleb
Nemelex Xobeh
Okawaru
Qazlal
Ru
Sif Muna
Xom
Yredelemnul
Zin
The Shining One


Innate Abilities, Weirdness & Mutations

You have very sharp teeth.
Your uncanny sense of smell can sniff out nearby items.
Your experience applies equally to all skills.


Message History

The wight is almost destroyed.
You barely miss the wight. The wight hits you but does no damage.
The wight hits you with a +2 flail!
* * * LOW HITPOINT WARNING * * *
You feel drained.
* * * LOW HITPOINT WARNING * * *
You block the wight's attack.
You closely miss the wight.
The wight is almost destroyed.
You hit the wight but do no damage. The wight barely misses you.
The wight closely misses you. x2
Unknown command.
You hit the wight but do no damage.
The wight is almost destroyed.
You hit the wight. You block the wight's attack. x2
Unknown command.
You slash the wight!
You destroy the wight!
Okawaru accepts your kill.
You can now gain great but temporary skills.
You hit the wight but do no damage. You block the wight's attack.
The wight closely misses you.
Unknown command.
You hit the wight.
The wight is severely damaged.
You block the wight's attack.
You barely miss the wight.
The wight is severely damaged.
The wight hits you with a +2 flail.
* * * LOW HITPOINT WARNING * * *
You feel drained.
You completely miss the wight.
The wight is severely damaged.
You block the wight's attack. The wight barely misses you.
You hit the wight.
The wight is almost destroyed.
The wight hits you with a +2 flail.
* * * LOW HITPOINT WARNING * * *
You feel drained.
You die...

#...(. .. #(.(.# #.# #.(.(#
#.# #### #..(.# #.# P..#
.#...(# ##.# .. ..#
##.#....# ###..# ..#
..#..<##..)z# #.#..### #.#
#.#........@###.#....# #.#
#.#.##.####........########
##.#
#.#.##.#####.#............#
.#.#
#...§§.......#..#...#####.#
[#.###.§≈≈§§≈≈§≈≈.#......#
........§.§...$§§...##.#.#
...###..≈.#.###.≈......#.#..
......<.≈.#...#.≈.#.####.#.#
...###.)≈.#._.#§≈.#.# #.#.#


You could see a wight.

Vanquished Creatures
  A sky beast (D:6)
  5 ogres
  A centaur (D:6)
  A bullfrog (D:5)
  3 scorpions
  A water moccasin skeleton (D:5)
  2 wights (D:6)
  A howler monkey (D:5)
  A bullfrog zombie (D:5)
  2 bullfrog skeletons
  2 orc priests
  5 iguanas
  Robin (D:3)
  2 adders (D:5)
  An ufetubus (D:5)
  4 worms
  2 dart slugs
  12 orcs
  5 ball pythons
  10 endoplasms
  A giant cockroach (D:3)
  11 goblins
  6 hobgoblins
  4 jackals (D:2)
  4 quokkas
  2 bats
  4 frilled lizards
  4 kobolds
  5 rats
103 creatures vanquished.

Vanquished Creatures (others)
  8 plants (D:6)
8 creatures vanquished.

Grand Total: 111 creatures vanquished

Notes
Turn   | Place    | Note
-------+----------+-------------------------------------------
     0 | D:1      | Renzlar the Gnoll Fighter began the quest for the Orb.
     0 | D:1      | Reached XP level 1. HP: 23/23 MP: 1/1
   129 | D:1      | Found a faded altar of an unknown god.
   270 | D:1      | Reached XP level 2. HP: 29/29 MP: 2/2
  1092 | D:2      | Reached XP level 3. HP: 33/35 MP: 3/3
  1566 | D:2      | Reached skill level 1 in Invocations
  1896 | D:3      | Reached skill level 1 in Short Blades
  1896 | D:3      | Reached skill level 1 in Long Blades
  1896 | D:3      | Reached skill level 1 in Maces & Flails
  1896 | D:3      | Reached skill level 1 in Polearms
  1896 | D:3      | Reached skill level 1 in Staves
  1896 | D:3      | Reached skill level 1 in Slings
  1896 | D:3      | Reached skill level 1 in Bows
  1896 | D:3      | Reached skill level 1 in Crossbows
  1896 | D:3      | Reached skill level 1 in Throwing
  1896 | D:3      | Reached skill level 1 in Dodging
  1896 | D:3      | Reached skill level 1 in Stealth
  1896 | D:3      | Reached skill level 1 in Unarmed Combat
  1896 | D:3      | Reached skill level 1 in Spellcasting
  1896 | D:3      | Reached skill level 1 in Evocations
  1896 | D:3      | Reached XP level 4. HP: 41/41 MP: 5/5
  1930 | D:3      | Noticed Robin
  1946 | D:3      | Killed Robin
  1964 | D:3      | Reached skill level 1 in Conjurations
  1964 | D:3      | Reached skill level 1 in Hexes
  1964 | D:3      | Reached skill level 1 in Summonings
  1964 | D:3      | Reached skill level 1 in Necromancy
  1964 | D:3      | Reached skill level 1 in Translocations
  1964 | D:3      | Reached skill level 1 in Transmutations
  1964 | D:3      | Reached skill level 1 in Fire Magic
  1964 | D:3      | Reached skill level 1 in Ice Magic
  1964 | D:3      | Reached skill level 1 in Air Magic
  1964 | D:3      | Reached skill level 1 in Earth Magic
  1964 | D:3      | Reached skill level 1 in Poison Magic
  2531 | D:3      | Found an opulent altar of Gozag.
  2805 | D:3      | Found a glowing silver altar of Zin.
  2872 | D:4      | Reached XP level 5. HP: 39/47 MP: 5/7
  2971 | D:4      | Noticed an ogre
  2978 | D:4      | Killed an ogre
  2979 | D:4      | Reached XP level 6. HP: 44/53 MP: 8/8
  3064 | D:4      | Reached skill level 5 in Axes
  3451 | D:4      | Reached XP level 7. HP: 59/59 MP: 10/10
  3788 | D:5      | Entered Level 5 of the Dungeon
  4173 | D:5      | Reached XP level 8. HP: 67/67 MP: 12/12
  4252 | D:5      | Found a staircase to the Ecumenical Temple.
  4259 | Temple   | Entered the Ecumenical Temple
  4321 | Temple   | Became a worshipper of Warmaster Okawaru
  4405 | D:5      | HP: 2/67 [orc priest/divine providence (16)]
  5297 | D:6      | Found a sacrificial altar of Ru.
  5484 | D:6      | Reached * piety under Okawaru
  5488 | D:6      | HP: 2/62 [wight (6)]
  5488 | D:6      | Slain by a wight

Illustrated notes

Levels and vault maps discovered:
D:1:      nzn_arrival_depleted_hourglass, layout_loops_ring,
          hellmonk_ecumenical_altar_blasted, minmay_indecisive_spiral
D:2:      layout_loops_cross, minmay_statues_item, minmay_strange_pillars
D:3:      layout_loops_ring, zin_treasury, mainiacjoe_overflow_alcove_1,
          uniq_robin
D:4:      layout_basic
D:5:      layout_rooms, temple_green, minmay_door_square
D:6:      layout_basic, mainiacjoe_overflow_cross_hatched,
          mainiacjoe_overflow_brackets, gammafunk_temple_overflow_forgotten,
          uniq_pikel
Temple:   nicolae_temple_god_jail

Skill      XL: |  1  2  3  4  5  6  7  8 |
---------------+-------------------------+-----
Invocations    | 1 2 3 |  3.8
Short Blades   | 1 2 3 |  3.5
Long Blades    | 1 2 3 |  3.5
Maces & Flails | 1 2 3 |  3.5
Polearms       | 1 2 3 |  3.5
Staves         | 1 2 3 |  3.5
Slings         | 1 2 3 |  3.5
Bows           | 1 2 3 |  3.5
Crossbows      | 1 2 3 |  3.5
Throwing       | 1 2 3 |  3.5
Dodging        | 1 2 3 |  3.5
Stealth        | 1 2 3 |  3.5
Unarmed Combat | 1 2 3 |  3.5
Spellcasting   | 1 2 3 |  3.5
Evocations     | 1 2 3 |  3.5
Conjurations   | 1 2 |  2.8
Hexes          | 1 2 |  2.8
Summonings     | 1 2 |  2.8
Necromancy     | 1 2 |  2.8
Translocations | 1 2 |  2.8
Transmutations | 1 2 |  2.8
Fire Magic     | 1 2 |  2.8
Ice Magic      | 1 2 |  2.8
Air Magic      | 1 2 |  2.8
Earth Magic    | 1 2 |  2.8
Poison Magic   | 1 2 |  2.8
Axes           | 5 |  5.8
Fighting       | 7 |  7.5
Armour         | 7 |  7.5
Shields        | 7 |  7.5

Action                   |  1- 3 |  4- 6 |  7- 9 || total
-------------------------+-------+-------+-------++-------
Melee: War axe           |    81 |    35 |    36 ||   152
       Bite              |     2 |     4 |     9 ||    15
       Spear             |       |    74 |    75 ||   149
       Dagger            |       |       |     7 ||     7
 Fire: Hunting sling     |       |    19 |    66 ||    85
Throw: Stone             |     6 |     4 |       ||    10
  Use: Scroll            |     7 |     1 |     3 ||    11
Armor: Scale mail        |    24 |    24 |    23 ||    71
Dodge: Dodged            |    17 |    20 |    37 ||    74
Block: Kite shield       |    32 |    36 |    68 ||   136
